 Dungeon Crawl Stone Soup version 0.30-a0-840-ga523dec638 (webtiles) character file.

Game seed: 8753868173685748802

248 domi the Sneak (level 5, -7/35 HPs)
             Began as a Vampire Enchanter on Mar 1, 2023.
             Mangled by an orc
             ... wielding a +0 mace
              (11 damage)
             ... on level 3 of the Dungeon.
             The game lasted 00:04:49 (2579 turns).

domi the Sneak (Vampire Enchanter)                  Turns: 2579, Time: 00:04:49

Health: -7/35      AC:  2    Str:  7    XL:     5   Next: 86%
Magic:  8/8        EV: 12    Int: 19    God:
Gold:   72         SH:  0    Dex: 15    Spells: 0/8 levels left

rFire   . . .      SeeInvis +    a - +1 dagger
rCold   . . .      Faith    .    (no shield)
rNeg    . . .      Spirit   .    b - +0 robe
rPois   .          Reflect  .    (no helmet)
rElec   .          Harm     .    (no cloak)
rCorr   .          Rampage  .    (no gloves)
Will    .....                    (no boots)
Stlth   ++++                     (no amulet)
HPRegen 0.45/turn                (no ring)
MPRegen 0.11/turn                (no ring)

@: healing quickly
A: alive, fangs 3, see invisible, vampiric 2
a: Exsanguinate


You were on level 3 of the Dungeon.
You visited 1 branch of the dungeon, and saw 3 of its levels.

You collected 72 gold pieces.

Inventory:

Hand Weapons
 a - a +1 dagger (weapon)
Armour
 b - a +0 robe (worn)
 m - a +0 helmet
   (You took it off Robin on level 1 of the Dungeon)
Magical Staves
 e - a staff of conjuration {!a}
   (You found it on level 1 of the Dungeon)
Jewellery
 l - a ring of fire {rF+, rC-}
   (You found it on level 2 of the Dungeon)
Scrolls
 f - 3 scrolls of identify {unknown}
 i - 3 scrolls of teleportation {unknown}
 j - a scroll of noise {unknown}
 k - a scroll of torment {unknown}
 o - a scroll of immolation {unknown}
Potions
 g - a potion of flight
 h - a potion of brilliance


   Skills:
 - Level 1.1 Short Blades
 - Level 2.1 Dodging
 + Level 7.1 Stealth
 - Level 2.0 Spellcasting
 + Level 6.7 Hexes
 + Level 2.8 Ice Magic


You couldn't memorise any spells.
You knew the following spells:

 Your Spells              Type           Power      Damage    Failure   Level
x - Tukima's Dance        Hex            27%        N/A       3%          3
z - Ensorcelled Hibernat  Hex/Ice        40%        N/A       3%          2
Z - Confusing Touch       Hex            27%        N/A       3%          3

Your spell library contained the following spells:

 Spells                   Type           Power      Damage    Failure   Level
 Dazzling Flash           Conj/Hex       28%        N/A       13%         3


Dungeon Overview and Level Annotations

Branches:
Dungeon (3/15)

Altars:


Innate Abilities, Weirdness & Mutations

Your natural rate of healing is accelerated.
You have razor-sharp teeth.
You have supernaturally acute eyesight. (SInv)
You are afflicted with vampirism and can become a bat while bloodless.


Message History

The kobold closely misses you.
You hear a shout!
You closely miss the kobold.
A quokka comes into view.
The kobold hits you with a +0 dagger.
You hit the kobold.
You kill the kobold!
You barely miss the frilled lizard.
The frilled lizard hisses.
The frilled lizard closely misses you.
You closely miss the frilled lizard. The frilled lizard closely misses you.
Aim: a frilled lizard (chance to affect: 70%)
The frilled lizard struggles to resist.
The frilled lizard barely misses you.
You closely miss the frilled lizard. The frilled lizard misses you.
Aim: a frilled lizard (chance to affect: 70%)
The frilled lizard looks drowsy...
An orc wizard comes into view. It is wielding a +0 dagger.
The quokka bites you.
The helpless frilled lizard fails to defend itself.
You impale the frilled lizard!!
You kill the frilled lizard!
The quokka completely misses you.
Aim: a quokka (chance to affect: 70%)
The quokka struggles to resist.
The orc wizard points at you and mumbles some strange words.
You resist with some effort. The quokka barely misses you.
You hear a shout!
You barely miss the quokka. The quokka bites you. The quokka bites you.
An orc comes into view. It is wielding a +0 club.
An orc comes into view. It is wielding a +0 mace.
The quokka bites you.
There is a stone staircase leading up here.
The orc wizard gestures at you while chanting.
The puff of flame misses you. The quokka closely misses you.
You climb upwards.
There is a stone staircase leading down here.
Aim: a quokka (chance to affect: 70%)
The quokka struggles to resist.
The quokka bites you.
You don't have enough magic to cast this spell.
You hit the quokka. The quokka barely misses you.
You closely miss the quokka. The quokka barely misses you.
You barely miss the quokka. The quokka closely misses you.
You closely miss the quokka. The quokka bites you.
The quokka completely misses you.
You barely miss the quokka. The quokka closely misses you.
You barely miss the quokka. The quokka bites you.
You hit the quokka. You bite the quokka.
You kill the quokka!
You don't know that spell.
You start resting.
Unknown command.
Okay, then.
There is a stone staircase leading down here.
You climb downwards.
You hear the sound of rushing water.
There is an entrance to a sewer on this level.
Hurry and find it before the portal rusts away!
You hear the slow rusting of a drain very nearby.
There is a stone staircase leading up here.
The orc wizard casts a spell at you. The magic dart hits you.
An orc wizard comes into view.
It is wielding a +2 dagger of holy wrath.
The orc wizard gestures at you while chanting.
You are confused.
The orc drinks a potion.
The orc seems to grow stronger.
An orc comes into view. It is wielding a +0 whip.
Unknown command.
You're too confused to cast spells.
Unknown command.
The orc wizard attacks as you move away!
The orc wizard hits you with a +0 dagger.
The orc shouts!
The orc shouts!
The orc wizard shouts!
The orc wizard mumbles some strange words.
The orc wizard flickers and vanishes for a moment.
An orc wizard comes into view. It is wielding a +0 dagger.
The orc wizard shouts!
You hit the orc but do no damage.
The orc wizard hits you with a +0 dagger.
The orc barely misses you.
The orc wizard mumbles some strange words.
The orc wizard flickers and vanishes for a moment.
Unknown command.
The orc closely misses you. The orc hits you with a +0 mace!
Unknown command.
The orc barely misses you.
You feel less confused.
A giant cockroach comes into view.
The orc barely misses you. The orc attacks as you move away!
The orc hits you with a +0 club. The orc wizard casts a spell at you.
The magic dart hits you!
* * * LOW HITPOINT WARNING * * *
The orc hits you with a +0 mace.
* * * LOW HITPOINT WARNING * * *
Unknown command.
Okay, then.
The orc hits you with a +0 mace!
You die...

.# ..# .# ...#
.#....#
###.#B...
#####+#....o...
###........o#
......)..oo##
###....ooo.#
.......@#.##
..##....#...
#....#.##.#
#....### #
.......
#......#
#......#
#..#####


You could see 3 orc wizards, 4 orcs and a giant cockroach.

Vanquished Creatures
  A phantom (D:2)
  Terence (D:2)
  Natasha (thrice) (D:2)
  Robin (D:1)
  A dart slug (D:2)
  4 ball pythons
  7 endoplasms
  4 giant cockroaches
  10 goblins
  8 hobgoblins
  2 quokkas
  6 bats
  3 frilled lizards
  4 kobolds
  7 rats
62 creatures vanquished.

Notes
Turn   | Place    | Note
-------+----------+-------------------------------------------
     0 | D:1      | domi the Vampire Enchanter began the quest for the Orb.
     0 | D:1      | Reached XP level 1. HP: 13/13 MP: 3/3
   131 | D:1      | You fall into a shaft and drop 1 floor!
   222 | D:1      | Reached skill level 5 in Stealth
   222 | D:1      | Reached XP level 2. HP: 12/19 MP: 5/5
   225 | D:1      | Learned a level 2 spell: Ensorcelled Hibernation
   407 | D:1      | Reached skill level 5 in Hexes
   673 | D:1      | Found a faded altar of an unknown god.
   941 | D:1      | Gained mutation: You are afflicted with vampirism and can
                  | become a bat while bloodless. [Vampire growth]
   941 | D:1      | Reached XP level 3. HP: 24/24 MP: 6/6
   945 | D:1      | Learned a level 3 spell: Confusing Touch
   976 | D:2      | Noticed a phantom
   994 | D:2      | Killed a phantom
   995 | D:2      | Reached skill level 6 in Stealth
   995 | D:2      | Reached skill level 1 in Ice Magic
   995 | D:2      | Reached XP level 4. HP: 17/30 MP: 7/7
  1342 | D:2      | Noticed Robin
  1450 | D:2      | Reached skill level 2 in Ice Magic
  1472 | D:1      | Reached skill level 6 in Hexes
  1507 | D:1      | HP: 6/30 [goblin/+0 club[Robin] (2)]
  1507 | D:1      | HP: 1/30 [goblin/+0 dagger[Robin] (5)]
  1694 | D:1      | Killed Robin
  1874 | D:2      | Reached XP level 5. HP: 32/35 MP: 8/8
  1890 | D:2      | Noticed Terence
  2144 | D:2      | Killed Terence
  2226 | D:2      | Noticed Natasha
  2231 | D:2      | Killed Natasha
  2283 | D:2      | Noticed Natasha
  2317 | D:2      | HP: 7/35 [Natasha (2)]
  2330 | D:2      | Killed Natasha
  2331 | D:2      | Reached skill level 7 in Stealth
  2339 | D:2      | Learned a level 3 spell: Tukima's Dance
  2383 | D:2      | Noticed Natasha
  2398 | D:2      | Killed Natasha
  2578 | D:3      | HP: 3/35 [orc/+0 mace (6)]
  2579 | D:3      | Mangled by an orc

Illustrated notes

Levels and vault maps discovered:
D:1:      minmay_arrival_four_circles, layout_basic,
          hellmonk_ecumenical_altar_prayer_group
D:2:      layout_loops_ring, hangedman_decor_points,
          chequers_serial_rivers_large_b, uniq_robin, uniq_natasha, uniq_terence
D:3:      layout_basic, portal_sewer_entry_f, serial_rivers,
          chequers_serial_rivers_micro_e, chequers_serial_rivers_large_a,
          chequers_serial_rivers_micro_e, chequers_serial_rivers_room_a,
          chequers_serial_rivers_small_3, chequers_serial_rivers_small_3,
          dk_vineyard_1

Skill      XL: |  1  2  3  4  5 |
---------------+----------------+-----
Stealth        | 5 6 7 |  7.1
Hexes          | 5 6 |  6.7
Ice Magic      | 1 2 |  2.8
Short Blades   | |  1.1
Dodging        | |  2.1
Spellcasting   | |  2.0

Action                     |  1- 3 |  4- 6 || total
---------------------------+-------+-------++-------
  Melee: Dagger            |    92 |   123 ||   215
         Bite              |     8 |    10 ||    18
         Punch             |       |     2 ||     2
   Cast: Ensorcelled Hiber |       |    23 ||    23
    Use: Potion            |       |     6 ||     6
   Stab: Sleeping          |     9 |    15 ||    24
 Armour: Robe              |    13 |    23 ||    36
  Dodge: Dodged            |    55 |    93 ||   148

Table legend: (Time is in decaauts)
 A = Elapsed time spent in this place.
 B = Non-inter-level travel time spent in this place.
 C = Inter-level travel time spent in this place.
 D = Time resting spent in this place.
 E = Time spent auto-exploring this place.
 F = Levels seen in this place.
 G = Mean time per level.
                   A        B        C        D        E       F      G
               +--------+--------+--------+--------+--------+-----+--------+
         Total |   2605 |   2504 |    101 |    412 |   1492 |   3 |  868.3 |
       Dungeon |   2605 |   2504 |    101 |    412 |   1492 |   3 |  868.3 |
               +--------+--------+--------+--------+--------+-----+--------+

Top non-repeatable levels by time:
     D:2: 1304 daAuts
     D:1: 1276 daAuts
     D:3: 23 daAuts

Table legend:
 A = Kills in this place as a percentage of kills in the entire game.
 B = Kills by you in this place as a percentage of kills by you in the entire game.
 C = Kills by friends in this place as a percentage of kills by friends in the entire game.
 D = Other kills in this place as a percentage of other kills in the entire game.
 E = Experience gained in this place as a percentage of experience gained in the entire game.
 F = Experience gained in this place divided by the number of levels of this place that you have seen.
                   A       B       C       D       E      F
               +-------+-------+-------+-------+-------+----------------------
         Total | 100.0 | 100.0 |   N/A |   N/A | 100.0 | 118.3
       Dungeon | 100.0 | 100.0 |   N/A |   N/A | 100.0 | 118.3
               +-------+-------+-------+-------+-------+----------------------
